MapleLeafs vs Sabres

Created - Friday, April 22, 2016 at 01:24

Goals
1 2 3 T
MapleLeafs 0 1 0 1
Sabres 0 1 1 2
Shots
1 2 3 T
MapleLeafs 5 5 16 26
Sabres 10 6 7 23

1st period

No Goal

Penalties :
Benoit Pouliot (Buf) for Goalie Interference (Minor) at 0:49

2nd period

1. MapleLeafs , Morgan Rielly 1 (Patrick Sharp, Drew Doughty) at 2:01 (PP)
2. Sabres , Benoit Pouliot 3 (Sidney Crosby) at 4:21 (PP)

Penalties :
Sidney Crosby (Buf) for Hooking (Minor) at 1:09, Dainius Zubrus (Tor) for Roughing (Minor) at 4:11, Drew Doughty (Tor) for Delaying the game (Minor) at 5:05, Ryan Kesler (Buf) for Hooking (Minor) at 11:14

3rd period

3. Sabres , Sidney Crosby 6 (David Perron) at 1:10 (PP)

Penalties :
Marc-Edouard Vlasic (Tor) for High sticking (Minor) at 1:05, Jay Bouwmeester (Buf) for Tripping (Minor) at 2:30, Matt Bartkowski (Buf) for Tripping (Minor) at 11:36

Goalie Stats

Cory Schneider (Tor), 21 saves from 23 shots - (0.913), L, 2-3-0, 60:00 minutes
Ondrej Pavelec (Buf), 25 saves from 26 shots - (0.962), W, 3-2-0, 60:00 minutes

Players Stats for MapleLeafs

Player Name              G  A  P  +/- PIM S  H  SB GA TA FO     MP     PP MP  PK MP  
------------------------------------------------------------------------------------
Bobby Ryan               0  0  0   0  0   2  3  1  0  0  0/1    18:25   4:11   0:00 
Brandon Prust            0  0  0   0  0   0  2  0  0  0  0/0     9:20   0:00   0:00 
Brandon Sutter           0  0  0   0  0   0  1  0  0  1  5/12   19:54   4:11   1:29 
Dainius Zubrus           0  0  0   0  2   1  3  0  0  0  5/11   10:42   0:00   0:00 
Dan Girardi              0  0  0   0  0   1  2  0  0  2  0/0    19:40   0:00   2:14 
Dominic Moore            0  0  0   0  0   4  0  0  0  0  0/0    13:08   0:00   2:14 
Drew Doughty             0  1  1   0  2   2  5  5  0  1  0/0    25:12   6:26   0:15 
Erik Gudbranson          0  0  0   0  0   0  3  3  0  1  0/0    15:17   0:00   1:59 
James Neal               0  0  0   0  0   0  1  0  1  1  0/0    19:07   4:37   0:00 
James van Riemsdyk       0  0  0   0  0   1  2  0  4  0  0/0    19:07   4:37   0:00 
Jeff Skinner             0  0  0   0  0   2  0  0  0  0  0/0     9:20   0:00   0:00 
Justin Williams          0  0  0   0  0   3  1  0  2  0  0/0    11:39   0:00   0:45 
Karl Alzner              0  0  0   0  0   1  2  1  0  2  0/0    19:41   2:22   0:00 
Marc-Edouard Vlasic      0  0  0   0  2   0  1  0  1  0  0/0    22:59   6:26   0:00 
Mikko Koivu              0  0  0   0  0   1  2  0  2  0  6/16   19:07   4:37   0:00 
Morgan Rielly            1  0  1   0  0   3  1  1  0  0  0/0    17:20   2:22   0:00 
Patrick Sharp            0  1  1   0  0   2  1  0  4  0  0/1    18:25   4:11   0:00 
Shawn Matthias           0  0  0   0  0   3  1  0  2  0  5/7     9:20   0:00   0:00 

Players Stats for Sabres

Player Name              G  A  P  +/- PIM S  H  SB GA TA FO     MP     PP MP  PK MP  
------------------------------------------------------------------------------------
Alec Martinez            0  0  0   0  0   3  0  0  2  1  0/0    13:50   0:00   0:00 
Alex Pietrangelo         0  0  0   0  0   3  1  1  0  2  0/0    21:23   1:20   4:42 
Benoit Pouliot           1  0  1   0  2   3  2  0  4  0  0/0    16:47   1:10   1:23 
Boyd Gordon              0  0  0   0  0   0  0  0  0  0  0/3     7:00   0:00   0:04 
Brooks Orpik             0  0  0   0  0   1  1  2  0  0  0/0    19:44   0:54   4:06 
Chris Higgins            0  0  0   0  0   1  0  0  1  0  0/0    18:13   1:04   2:49 
David Perron             0  1  1   0  0   0  1  0  1  0  0/2    15:07   1:10   0:00 
Dwight King              0  0  0   0  0   0  0  0  0  0  0/1    14:00   0:00   0:00 
Gustav Nyquist           0  0  0   0  0   3  2  0  1  0  0/1    14:51   0:00   0:00 
Jay Bouwmeester          0  0  0   0  2   1  1  2  1  1  0/0    25:18   1:20   3:08 
Matt Bartkowski          0  0  0   0  2   0  2  2  0  0  0/0    15:09   0:00   1:07 
Matt Stajan              0  0  0   0  0   1  0  0  0  0  0/2     8:04   0:00   0:00 
Nikita Zadorov           0  0  0   0  0   0  1  0  0  1  0/0     5:30   0:00   0:27 
Rasmus Ristolainen       0  0  0   0  0   0  0  3  0  0  0/0    19:44   0:54   4:06 
Ryan Kesler              0  0  0   0  2   1  4  0  3  1  9/11   22:55   1:04   4:03 
Sidney Crosby            1  1  2   0  2   4  1  0  2  0  10/14  19:40   1:10   4:34 
Steven Stamkos           0  0  0   0  0   1  3  1  2  0  0/1    17:13   1:04   2:04 
Vernon Fiddler           0  0  0   0  0   1  0  0  0  1  8/13   16:39   0:00   2:39 

3 Stars

1 - Ondrej Pavelec (Buf)
2 - Sidney Crosby (Buf)
3 - Morgan Rielly (Tor)

Power Play

MapleLeafs - 1 on 5 Attempt(s) - 20.00%
Sabres - 2 on 3 Attempt(s) - 66.67%

Penalty Kill

MapleLeafs - 1 on 3 Attempt(s) - 33.33% - Score 0 goal in Penalty Kill
Sabres - 4 on 5 Attempt(s) - 80.00% - Score 0 goal in Penalty Kill

Team Stat

MapleLeafs - Hits : 31 - Faceoff Wins : 21 - Blocked Shots : 11 - Penalty Minutes : 6
Sabres - Hits : 19 - Faceoff Wins : 27 - Blocked Shots : 11 - Penalty Minutes : 10

Official

Referees : Unknown
Linesman : Unknown

Game Notes

No Game Note

Finance

Level 1 -- Attendance: 6000 (100.00%) -- Ticket Income $450,000
Level 2 -- Attendance: 5000 (100.00%) -- Ticket Income $250,000
Level 3 -- Attendance: 1570 (78.50%) -- Ticket Income $54,950
Level 4 -- Attendance: 3599 (89.98%) -- Ticket Income $71,980
Luxury Box -- Attendance: 1000 (100.00%) -- Ticket Income $180,000
Game was played at the HSBC Arena.
Total Attendance: 17169 (95.38%)
Total Ticket Income: $1,006,930
Other Income: $493,396
Total Income: $1,500,326

MapleLeafs

5 vs 5 Forward 
   Center                   Left Wing                Right Wing               Time % Phy DF OF 
 1 Brandon Sutter           Bobby Ryan               Patrick Sharp            35     0   3  2  
 2 Mikko Koivu              James van Riemsdyk       James Neal               35     0   0  5  
 3 Dainius Zubrus           Dominic Moore            Justin Williams          20     1   2  2  
 4 Shawn Matthias           Jeff Skinner             Brandon Prust            10     1   2  2  

5 vs 5 Defense 
   Defense                  Defense                                           Time % Phy DF OF 
 1 Drew Doughty             Dan Girardi                                       40     1   2  2  
 2 Marc-Edouard Vlasic      Karl Alzner                                       35     1   2  2  
 3 Morgan Rielly            Erik Gudbranson                                   25     1   4  0  
 4 Drew Doughty             Marc-Edouard Vlasic                               0      1   2  2  

PowerPlay Forward 
   Center                   Left Wing                Right Wing               Time % Phy DF OF 
 1 Mikko Koivu              James van Riemsdyk       James Neal               65     0   1  4  
 2 Brandon Sutter           Bobby Ryan               Patrick Sharp            35     0   1  4  

PowerPlay Defense
   Defense                  Defense                                           Time % Phy DF OF 
 1 Drew Doughty             Marc-Edouard Vlasic                               70     0   1  4  
 2 Morgan Rielly            Karl Alzner                                       30     0   1  4  

Penalty Kill 4 Players Forward 
   Center                   Wing                     Time % Phy DF OF 
 1 Brandon Sutter           Dominic Moore            66     1   4  0  
 2 Dainius Zubrus           Shawn Matthias           34     1   4  0  

Penalty Kill 4 Players Defense
   Defense                  Defense                  Time % Phy DF OF 
 1 Drew Doughty             Dan Girardi              70     2   3  0  
 2 Marc-Edouard Vlasic      Karl Alzner              30     2   3  0  

Penalty Kill - 3 Players Forward 
   Forward                                           Time % Phy DF OF 
 1 Dominic Moore                                     66     1   4  0  
 2 Brandon Sutter                                    34     1   4  0  

Penalty Kill - 3 Players Defense
   Defense                  Defense                  Time % Phy DF OF 
 1 Drew Doughty             Dan Girardi              70     1   4  0  
 2 Marc-Edouard Vlasic      Karl Alzner              30     1   4  0  

4 vs 4 Forward 
   Center                   Wing                     Time % Phy DF OF 
 1 Patrick Sharp            James van Riemsdyk       65     0   1  4  
 2 Mikko Koivu              James Neal               35     1   1  3  

4 vs 4 Defense
   Defense                  Defense                  Time % Phy DF OF 
 1 Drew Doughty             Dan Girardi              65     1   2  2  
 2 Marc-Edouard Vlasic      Karl Alzner              35     1   2  2  

Last Minutes Offensive
   Center                   Left Wing                Right Wing               Defense                  Defense                  
   Mikko Koivu              James van Riemsdyk       James Neal               Drew Doughty             Marc-Edouard Vlasic      

Last Minutes Defensive
   Center                   Left Wing                Right Wing               Defense                  Defense                  
   Mikko Koivu              James van Riemsdyk       James Neal               Drew Doughty             Marc-Edouard Vlasic      

Goaltenders
Starting : Cory Schneider           
Backup : Martin Jones             

Extra Forwards
Normal : Dainius Zubrus, Dominic Moore, Justin Williams - PP : Dainius Zubrus, Dominic Moore - PK : Justin Williams
Extra Defensemen
Normal : Morgan Rielly, Erik Gudbranson, Marc-Edouard Vlasic - PP : Morgan Rielly - PK : Erik Gudbranson, Marc-Edouard Vlasic
Penalty Shots
Mikko Koivu, James van Riemsdyk, James Neal, Brandon Sutter, Bobby Ryan

Sabres

5 vs 5 Forward 
   Center                   Left Wing                Right Wing               Time % Phy DF OF 
 1 Ryan Kesler              Chris Higgins            Steven Stamkos           35     1   2  2  
 2 Sidney Crosby            Benoit Pouliot           David Perron             30     1   2  2  
 3 Vernon Fiddler           Gustav Nyquist           Dwight King              22     1   2  2  
 4 Boyd Gordon              Ryan Kesler              Matt Stajan              13     1   2  2  

5 vs 5 Defense 
   Defense                  Defense                                           Time % Phy DF OF 
 1 Jay Bouwmeester          Alex Pietrangelo                                  35     1   2  2  
 2 Brooks Orpik             Rasmus Ristolainen                                30     1   2  2  
 3 Alec Martinez            Matt Bartkowski                                   22     1   2  2  
 4 Nikita Zadorov           Jay Bouwmeester                                   13     1   2  2  

PowerPlay Forward 
   Center                   Left Wing                Right Wing               Time % Phy DF OF 
 1 Ryan Kesler              Chris Higgins            Steven Stamkos           60     1   2  2  
 2 Sidney Crosby            Benoit Pouliot           David Perron             40     1   2  2  

PowerPlay Defense
   Defense                  Defense                                           Time % Phy DF OF 
 1 Jay Bouwmeester          Alex Pietrangelo                                  60     1   2  2  
 2 Brooks Orpik             Rasmus Ristolainen                                40     1   2  2  

Penalty Kill 4 Players Forward 
   Center                   Wing                     Time % Phy DF OF 
 1 Ryan Kesler              Sidney Crosby            60     1   2  2  
 2 Steven Stamkos           Chris Higgins            40     1   2  2  

Penalty Kill 4 Players Defense
   Defense                  Defense                  Time % Phy DF OF 
 1 Jay Bouwmeester          Alex Pietrangelo         60     1   2  2  
 2 Brooks Orpik             Rasmus Ristolainen       40     1   2  2  

Penalty Kill - 3 Players Forward 
   Forward                                           Time % Phy DF OF 
 1 Ryan Kesler                                       60     1   2  2  
 2 Sidney Crosby                                     40     1   2  2  

Penalty Kill - 3 Players Defense
   Defense                  Defense                  Time % Phy DF OF 
 1 Jay Bouwmeester          Alex Pietrangelo         60     1   2  2  
 2 Brooks Orpik             Rasmus Ristolainen       40     1   2  2  

4 vs 4 Forward 
   Center                   Wing                     Time % Phy DF OF 
 1 Ryan Kesler              Sidney Crosby            60     1   2  2  
 2 Steven Stamkos           Chris Higgins            40     1   2  2  

4 vs 4 Defense
   Defense                  Defense                  Time % Phy DF OF 
 1 Jay Bouwmeester          Alex Pietrangelo         60     1   2  2  
 2 Brooks Orpik             Rasmus Ristolainen       40     1   2  2  

Last Minutes Offensive
   Center                   Left Wing                Right Wing               Defense                  Defense                  
   Ryan Kesler              Chris Higgins            Steven Stamkos           Jay Bouwmeester          Alex Pietrangelo         

Last Minutes Defensive
   Center                   Left Wing                Right Wing               Defense                  Defense                  
   Ryan Kesler              Chris Higgins            Steven Stamkos           Jay Bouwmeester          Alex Pietrangelo         

Goaltenders
Starting : Ondrej Pavelec           
Backup : Karri Ramo               

Extra Forwards
Normal : Matt Stajan, Gustav Nyquist, Vernon Fiddler - PP : Matt Stajan, Gustav Nyquist - PK : Vernon Fiddler
Extra Defensemen
Normal : Alec Martinez, Matt Bartkowski, Nikita Zadorov - PP : Alec Martinez - PK : Matt Bartkowski, Nikita Zadorov
Penalty Shots
Ryan Kesler, Sidney Crosby, Steven Stamkos, Chris Higgins, Benoit Pouliot

% Time on Ice - MapleLeafs

Lines # - Real PCT - Wanted PCT - Time Play
Normal Forward
1 - 31% - 35% - 14:55
2 - 28% - 35% - 13:56
3 - 22% - 20% - 10:43
4 - 19% - 10% - 9:20
Normal Defense
1 - 36% - 40% - 17:26
2 - 35% - 35% - 17:19
3 - 28% - 25% - 13:38
4 - 1% - 0% - 0:31
PP Forward
1 - 52% - 65% - 4:37
2 - 48% - 35% - 4:11
PP Defense
1 - 73% - 70% - 6:26
2 - 27% - 30% - 2:22
PK Forward
1 - 100% - 66% - 2:14
2 - 0% - 34% - 0:00
PK Defense
1 - 100% - 70% - 2:14
2 - 0% - 30% - 0:00
PK3 Forward
1 - 0% - 66%
2 - 0% - 34%
PK3 Defense
1 - 0% - 70%
2 - 0% - 30%
44 Forward
1 - 0% - 65%
2 - 0% - 35%
44 Defense
1 - 0% - 65%
2 - 0% - 35%
Last Minute Offensive  - 0:04
Last Minute Defensive  - 0:00
Total
Forward - 60:00
Defense - 60:00

% Time on Ice - Sabres

Lines # - Real PCT - Wanted PCT - Time Play
Normal Forward
1 - 26% - 35% - 12:46
2 - 31% - 30% - 14:55
3 - 29% - 22% - 14:00
4 - 14% - 13% - 6:41
Normal Defense
1 - 30% - 35% - 14:45
2 - 30% - 30% - 14:44
3 - 29% - 22% - 13:50
4 - 10% - 13% - 5:03
PP Forward
1 - 48% - 60% - 1:04
2 - 52% - 40% - 1:10
PP Defense
1 - 60% - 60% - 1:20
2 - 40% - 40% - 0:54
PK Forward
1 - 77% - 60% - 6:44
2 - 23% - 40% - 2:04
PK Defense
1 - 53% - 60% - 4:42
2 - 47% - 40% - 4:06
PK3 Forward
1 - 0% - 60%
2 - 0% - 40%
PK3 Defense
1 - 0% - 60%
2 - 0% - 40%
44 Forward
1 - 0% - 60%
2 - 0% - 40%
44 Defense
1 - 0% - 60%
2 - 0% - 40%
Last Minute Offensive  - 0:00
Last Minute Defensive  - 0:36
Total
Forward - 60:00
Defense - 60:00

Play by Play

1st period


0:01 of 1st period - Ryan Kesler wins face-off versus Brandon Sutter in neutral zone.
0:04 of 1st period - Dan Girardi is hit by Steven Stamkos and loses puck.
0:49 of 1st period - Minor Penalty to Benoit Pouliot for Goalie Interference.
0:50 of 1st period - Ryan Kesler wins face-off versus Mikko Koivu in Sabres zone.
0:50 of 1st period - Ryan Kesler is hit by Marc-Edouard Vlasic.
1:10 of 1st period - Snap shot by James van Riemsdyk.
1:10 of 1st period - Stopped by Ondrej Pavelec with a rebound.
1:28 of 1st period - Rasmus Ristolainen is hit by Drew Doughty and loses puck.
2:17 of 1st period - Ryan Kesler is hit by James van Riemsdyk and loses puck.
2:38 of 1st period - Brandon Sutter is hit by Steven Stamkos and loses puck.
2:49 of 1st period - Penalty to Benoit Pouliot is over, Benoit Pouliot is back on ice.
3:02 of 1st period - Slapshot by Morgan Rielly.
3:02 of 1st period - Shot Misses the Net.
3:04 of 1st period - Wrist shot by Karl Alzner.
3:04 of 1st period - Shot Blocked by Steven Stamkos.
3:06 of 1st period - Snap shot by Dainius Zubrus.
3:06 of 1st period - Stopped by Ondrej Pavelec without a rebound.
3:07 of 1st period - Vernon Fiddler wins face-off versus Dainius Zubrus in Sabres zone.
3:36 of 1st period - Alec Martinez is hit by Dainius Zubrus and loses puck.
3:59 of 1st period - Slapshot by Jeff Skinner.
3:59 of 1st period - Shot Misses the Net.
5:09 of 1st period - Rasmus Ristolainen is hit by Bobby Ryan and loses puck.
7:18 of 1st period - Steven Stamkos is hit by Dainius Zubrus and loses puck.
8:13 of 1st period - Snap shot by Boyd Gordon.
8:13 of 1st period - Deflect By Ryan Kesler.
8:13 of 1st period - Shot Blocked by Drew Doughty.
8:13 of 1st period - Puck is out of play.
8:14 of 1st period - Mikko Koivu wins face-off versus Boyd Gordon in MapleLeafs zone.
8:47 of 1st period - Karl Alzner is hit by Alex Pietrangelo and loses puck.
9:10 of 1st period - Wrist shot by Sidney Crosby.
9:10 of 1st period - Shot Misses the Net.
9:12 of 1st period - Wrist shot by Sidney Crosby.
9:12 of 1st period - Stopped by Cory Schneider with a rebound.
9:14 of 1st period - Slapshot by Brooks Orpik.
9:14 of 1st period - Shot Blocked by Drew Doughty.
9:28 of 1st period - Snap shot by Patrick Sharp.
9:28 of 1st period - Shot Misses the Net.
9:30 of 1st period - Slapshot by Bobby Ryan.
9:30 of 1st period - Stopped by Ondrej Pavelec without a rebound.
9:31 of 1st period - Shawn Matthias wins face-off versus Gustav Nyquist in Sabres zone.
9:44 of 1st period - Snap shot by Gustav Nyquist.
9:44 of 1st period - Stopped by Cory Schneider with a rebound.
9:48 of 1st period - Slapshot by Chris Higgins.
9:48 of 1st period - Stopped by Cory Schneider with a rebound.
9:50 of 1st period - Slapshot by Alec Martinez.
9:50 of 1st period - Stopped by Cory Schneider with a rebound.
9:52 of 1st period - Slapshot by Chris Higgins.
9:52 of 1st period - Shot Blocked by Drew Doughty.
9:54 of 1st period - Wrist shot by Alec Martinez.
9:54 of 1st period - Stopped by Cory Schneider with a rebound.
10:52 of 1st period - Wrist shot by Dominic Moore.
10:52 of 1st period - Stopped by Ondrej Pavelec with a rebound.
11:31 of 1st period - Ryan Kesler is hit by James Neal and loses puck.
12:23 of 1st period - Snap shot by Gustav Nyquist.
12:23 of 1st period - Shot Misses the Net.
12:29 of 1st period - Vernon Fiddler is hit by Brandon Sutter and loses puck.
12:40 of 1st period - Wrist shot by Bobby Ryan.
12:40 of 1st period - Stopped by Ondrej Pavelec without a rebound.
12:41 of 1st period - Sidney Crosby wins face-off versus Dainius Zubrus in Sabres zone.
12:46 of 1st period - Wrist shot by Benoit Pouliot.
12:46 of 1st period - Stopped by Cory Schneider with a rebound.
12:48 of 1st period - Slapshot by Alec Martinez.
12:48 of 1st period - Shot Blocked by Erik Gudbranson.
12:50 of 1st period - Slapshot by Matt Bartkowski.
12:50 of 1st period - Shot Blocked by Erik Gudbranson.
12:52 of 1st period - Slapshot by Benoit Pouliot.
12:52 of 1st period - Deflect By David Perron.
12:52 of 1st period - Shot Blocked by Erik Gudbranson.
12:52 of 1st period - Puck is out of play.
12:53 of 1st period - Sidney Crosby wins face-off versus Dainius Zubrus in MapleLeafs zone.
13:18 of 1st period - Matt Bartkowski is hit by Karl Alzner and loses puck.
14:44 of 1st period - Icing by James van Riemsdyk.
14:45 of 1st period - Vernon Fiddler wins face-off versus Mikko Koivu in MapleLeafs zone.
14:50 of 1st period - Snap shot by Gustav Nyquist.
14:50 of 1st period - Stopped by Cory Schneider without a rebound.
14:51 of 1st period - Mikko Koivu wins face-off versus Vernon Fiddler in MapleLeafs zone.
15:24 of 1st period - Icing by Erik Gudbranson.
15:25 of 1st period - Ryan Kesler wins face-off versus Mikko Koivu in MapleLeafs zone.
15:43 of 1st period - Snap shot by Steven Stamkos.
15:43 of 1st period - Stopped by Cory Schneider without a rebound.
15:44 of 1st period - Sidney Crosby wins face-off versus Dainius Zubrus in MapleLeafs zone.
15:51 of 1st period - Wrist shot by Benoit Pouliot.
15:51 of 1st period - Shot Misses the Net.
16:12 of 1st period - Snap shot by Sidney Crosby.
16:12 of 1st period - Shot Blocked by Karl Alzner.
16:36 of 1st period - Rasmus Ristolainen is hit by Patrick Sharp.
18:30 of 1st period - Slapshot by Matt Stajan.
18:30 of 1st period - Stopped by Cory Schneider with a rebound.
18:32 of 1st period - Slapshot by Matt Bartkowski.
18:32 of 1st period - Deflect By Ryan Kesler.
18:32 of 1st period - Shot Misses the Net.
18:32 of 1st period - Puck is out of play.
18:33 of 1st period - Dainius Zubrus wins face-off versus Matt Stajan in MapleLeafs zone.
19:12 of 1st period - Icing by Dominic Moore.
19:13 of 1st period - Sidney Crosby wins face-off versus Dainius Zubrus in MapleLeafs zone.
19:20 of 1st period - Snap shot by Sidney Crosby.
19:20 of 1st period - Shot Misses the Net.
19:22 of 1st period - Slapshot by Nikita Zadorov.
19:22 of 1st period - Shot Misses the Net.
19:24 of 1st period - Wrist shot by Sidney Crosby.
19:24 of 1st period - Deflect By Benoit Pouliot.
19:24 of 1st period - Stopped by Cory Schneider without a rebound.
19:25 of 1st period - Mikko Koivu wins face-off versus Sidney Crosby in MapleLeafs zone.
19:50 of 1st period - Sidney Crosby is hit by Drew Doughty and loses puck.
Goals for this period are 0 for MapleLeafs vs 0 for Sabres.
Shots for this period are 5 for MapleLeafs vs 10 for Sabres.

2nd period


0:01 of 2nd period - Ryan Kesler wins face-off versus Brandon Sutter in neutral zone.
0:04 of 2nd period - Dan Girardi is hit by Ryan Kesler and loses puck.
0:17 of 2nd period - Alex Pietrangelo is hit by Bobby Ryan and loses puck.
0:22 of 2nd period - Snap shot by Patrick Sharp.
0:22 of 2nd period - Shot Misses the Net.
0:24 of 2nd period - Slapshot by Dan Girardi.
0:24 of 2nd period - Stopped by Ondrej Pavelec with a rebound.
0:54 of 2nd period - James van Riemsdyk is hit by Benoit Pouliot and loses puck.
1:09 of 2nd period - Minor Penalty to Sidney Crosby for Hooking.
1:10 of 2nd period - Ryan Kesler wins face-off versus Mikko Koivu in Sabres zone.
1:52 of 2nd period - Rasmus Ristolainen is hit by Drew Doughty and loses puck.
1:59 of 2nd period - Snap shot by Patrick Sharp.
1:59 of 2nd period - Stopped by Ondrej Pavelec with a rebound.
2:01 of 2nd period - Wrist shot by Morgan Rielly.
2:01 of 2nd period - Deflect By Ryan Kesler.
2:01 of 2nd period - Goal by Morgan Rielly - MapleLeafs : 1 - Sabres : 0.
2:02 of 2nd period - Sidney Crosby wins face-off versus Brandon Sutter in neutral zone.
2:07 of 2nd period - Wrist shot by Sidney Crosby.
2:07 of 2nd period - Stopped by Cory Schneider with a rebound.
2:09 of 2nd period - Wrist shot by David Perron.
2:09 of 2nd period - Shot Misses the Net.
2:17 of 2nd period - Slapshot by David Perron.
2:17 of 2nd period - Shot Misses the Net.
2:19 of 2nd period - Slapshot by Jay Bouwmeester.
2:19 of 2nd period - Shot Blocked by Bobby Ryan.
2:21 of 2nd period - Wrist shot by Sidney Crosby.
2:21 of 2nd period - Stopped by Cory Schneider without a rebound.
2:22 of 2nd period - Sidney Crosby wins face-off versus Bobby Ryan in MapleLeafs zone.
4:11 of 2nd period - Minor Penalty to Dainius Zubrus for Roughing.
4:12 of 2nd period - Sidney Crosby wins face-off versus Brandon Sutter in MapleLeafs zone.
4:21 of 2nd period - Snap shot by Benoit Pouliot.
4:21 of 2nd period - Goal by Benoit Pouliot - MapleLeafs : 1 - Sabres : 1.
4:22 of 2nd period - Brandon Sutter wins face-off versus David Perron in neutral zone.
5:05 of 2nd period - Minor Penalty to Drew Doughty for Delaying the game.
5:06 of 2nd period - Brandon Sutter wins face-off versus Steven Stamkos in MapleLeafs zone.
5:40 of 2nd period - Snap shot by Ryan Kesler.
5:40 of 2nd period - Stopped by Cory Schneider with a rebound.
5:42 of 2nd period - Slapshot by Jay Bouwmeester.
5:42 of 2nd period - Shot Misses the Net.
5:55 of 2nd period - Icing by Sidney Crosby.
5:56 of 2nd period - Sidney Crosby wins face-off versus Brandon Sutter in Sabres zone.
7:05 of 2nd period - Penalty to Drew Doughty is over, Drew Doughty is back on ice.
8:10 of 2nd period - Brandon Prust is hit by Gustav Nyquist and loses puck.
8:17 of 2nd period - Vernon Fiddler is hit by Brandon Prust and loses puck.
9:17 of 2nd period - Snap shot by Boyd Gordon.
9:17 of 2nd period - Shot Blocked by Drew Doughty.
9:45 of 2nd period - Wrist shot by Steven Stamkos.
9:45 of 2nd period - Shot Misses the Net.
9:47 of 2nd period - Backhand shot by Brooks Orpik.
9:47 of 2nd period - Deflect By Morgan Rielly.
9:47 of 2nd period - Stopped by Cory Schneider without a rebound.
9:48 of 2nd period - Sidney Crosby wins face-off versus Brandon Sutter in MapleLeafs zone.
10:46 of 2nd period - Ryan Kesler is hit by Erik Gudbranson and loses puck.
10:57 of 2nd period - Dan Girardi is hit by Ryan Kesler and loses puck.
11:14 of 2nd period - Minor Penalty to Ryan Kesler for Hooking.
11:15 of 2nd period - Vernon Fiddler wins face-off versus Patrick Sharp in Sabres zone.
11:48 of 2nd period - Mikko Koivu is hit by Benoit Pouliot and loses puck.
12:29 of 2nd period - Wrist shot by Bobby Ryan.
12:29 of 2nd period - Shot Blocked by Rasmus Ristolainen.
13:14 of 2nd period - Penalty to Ryan Kesler is over, Ryan Kesler is back on ice.
13:22 of 2nd period - Dan Girardi is hit by Brooks Orpik and loses puck.
13:37 of 2nd period - Snap shot by Shawn Matthias.
13:37 of 2nd period - Shot Blocked by Matt Bartkowski.
13:39 of 2nd period - Slapshot by Morgan Rielly.
13:39 of 2nd period - Shot Misses the Net.
13:41 of 2nd period - Snap shot by Erik Gudbranson.
13:41 of 2nd period - Deflect By Jeff Skinner.
13:41 of 2nd period - Shot Misses the Net.
13:41 of 2nd period - Puck is out of play.
13:42 of 2nd period - Vernon Fiddler wins face-off versus Dainius Zubrus in Sabres zone.
13:42 of 2nd period - Vernon Fiddler is hit by Erik Gudbranson.
14:00 of 2nd period - Snap shot by Dominic Moore.
14:00 of 2nd period - Shot Misses the Net.
14:02 of 2nd period - Snap shot by Erik Gudbranson.
14:02 of 2nd period - Deflect By Justin Williams.
14:02 of 2nd period - Shot Blocked by Matt Bartkowski.
14:02 of 2nd period - Puck is out of play.
14:03 of 2nd period - Shawn Matthias wins face-off versus Boyd Gordon in Sabres zone.
14:20 of 2nd period - Slapshot by Jeff Skinner.
14:20 of 2nd period - Shot Misses the Net.
14:22 of 2nd period - Snap shot by Drew Doughty.
14:22 of 2nd period - Shot Blocked by Alex Pietrangelo.
14:24 of 2nd period - Slapshot by Jeff Skinner.
14:24 of 2nd period - Stopped by Ondrej Pavelec with a rebound.
14:26 of 2nd period - Slapshot by Drew Doughty.
14:26 of 2nd period - Shot Misses the Net.
14:36 of 2nd period - Snap shot by Jeff Skinner.
14:36 of 2nd period - Shot Misses the Net.
15:00 of 2nd period - Snap shot by Gustav Nyquist.
15:00 of 2nd period - Shot Misses the Net.
15:14 of 2nd period - Wrist shot by Justin Williams.
15:14 of 2nd period - Deflect By Dominic Moore.
15:14 of 2nd period - Stopped by Ondrej Pavelec without a rebound.
15:15 of 2nd period - Ryan Kesler wins face-off versus Mikko Koivu in Sabres zone.
16:24 of 2nd period - Snap shot by Patrick Sharp.
16:24 of 2nd period - Shot Misses the Net.
16:26 of 2nd period - Snap shot by Brandon Sutter.
16:26 of 2nd period - Deflect By Bobby Ryan.
16:26 of 2nd period - Shot Misses the Net.
16:26 of 2nd period - Puck is out of play.
16:27 of 2nd period - Dainius Zubrus wins face-off versus Sidney Crosby in Sabres zone.
17:00 of 2nd period - Wrist shot by Benoit Pouliot.
17:00 of 2nd period - Shot Misses the Net.
17:02 of 2nd period - Slapshot by David Perron.
17:02 of 2nd period - Shot Misses the Net.
18:33 of 2nd period - Wrist shot by Gustav Nyquist.
18:33 of 2nd period - Stopped by Cory Schneider without a rebound.
18:34 of 2nd period - Vernon Fiddler wins face-off versus Shawn Matthias in MapleLeafs zone.
19:01 of 2nd period - Shawn Matthias is hit by Nikita Zadorov and loses puck.
Goals for this period are 1 for MapleLeafs vs 1 for Sabres.
Shots for this period are 5 for MapleLeafs vs 6 for Sabres.

3rd period


0:01 of 3rd period - Brandon Sutter wins face-off versus Ryan Kesler in neutral zone.
0:12 of 3rd period - Ryan Kesler is hit by Dan Girardi.
0:34 of 3rd period - Wrist shot by Steven Stamkos.
0:34 of 3rd period - Shot Misses the Net.
1:05 of 3rd period - Minor Penalty to Marc-Edouard Vlasic for High sticking.
1:06 of 3rd period - Sidney Crosby wins face-off versus Brandon Sutter in MapleLeafs zone.
1:10 of 3rd period - Snap shot by Sidney Crosby.
1:10 of 3rd period - Deflect By Brandon Sutter.
1:10 of 3rd period - Goal by Sidney Crosby - MapleLeafs : 1 - Sabres : 2.
1:11 of 3rd period - Brandon Sutter wins face-off versus Sidney Crosby in neutral zone.
1:16 of 3rd period - Snap shot by Patrick Sharp.
1:16 of 3rd period - Shot Blocked by Rasmus Ristolainen.
1:42 of 3rd period - Snap shot by Patrick Sharp.
1:42 of 3rd period - Stopped by Ondrej Pavelec with a rebound.
1:44 of 3rd period - Slapshot by Drew Doughty.
1:44 of 3rd period - Stopped by Ondrej Pavelec with a rebound.
1:58 of 3rd period - David Perron is hit by Dan Girardi.
2:30 of 3rd period - Minor Penalty to Jay Bouwmeester for Tripping.
2:31 of 3rd period - Brandon Sutter wins face-off versus Ryan Kesler in Sabres zone.
2:56 of 3rd period - Alex Pietrangelo is hit by Drew Doughty and loses puck.
3:11 of 3rd period - Alex Pietrangelo is hit by Mikko Koivu and loses puck.
3:24 of 3rd period - James Neal is hit by Matt Bartkowski and loses puck.
3:36 of 3rd period - Marc-Edouard Vlasic is hit by Matt Bartkowski and loses puck.
4:08 of 3rd period - Alex Pietrangelo is hit by Drew Doughty and loses puck.
4:30 of 3rd period - Penalty to Jay Bouwmeester is over, Jay Bouwmeester is back on ice.
4:46 of 3rd period - Wrist shot by Justin Williams.
4:46 of 3rd period - Stopped by Ondrej Pavelec with a rebound.
4:56 of 3rd period - Snap shot by Justin Williams.
4:56 of 3rd period - Deflect By Dominic Moore.
4:56 of 3rd period - Shot Blocked by Brooks Orpik.
4:56 of 3rd period - Puck is out of play.
4:57 of 3rd period - Shawn Matthias wins face-off versus Vernon Fiddler in Sabres zone.
5:06 of 3rd period - Slapshot by Morgan Rielly.
5:06 of 3rd period - Shot Blocked by Jay Bouwmeester.
5:08 of 3rd period - Snap shot by Shawn Matthias.
5:08 of 3rd period - Stopped by Ondrej Pavelec without a rebound.
5:09 of 3rd period - Shawn Matthias wins face-off versus Vernon Fiddler in Sabres zone.
5:24 of 3rd period - Wrist shot by Shawn Matthias.
5:24 of 3rd period - Stopped by Ondrej Pavelec with a rebound.
5:26 of 3rd period - Slapshot by Shawn Matthias.
5:26 of 3rd period - Stopped by Ondrej Pavelec without a rebound.
5:27 of 3rd period - Dainius Zubrus wins face-off versus David Perron in Sabres zone.
5:51 of 3rd period - Slapshot by Marc-Edouard Vlasic.
5:51 of 3rd period - Shot Blocked by Brooks Orpik.
5:59 of 3rd period - Wrist shot by Justin Williams.
5:59 of 3rd period - Stopped by Ondrej Pavelec with a rebound.
6:01 of 3rd period - Wrist shot by Dominic Moore.
6:01 of 3rd period - Shot Misses the Net.
6:03 of 3rd period - Wrist shot by Dominic Moore.
6:03 of 3rd period - Shot Blocked by Rasmus Ristolainen.
6:36 of 3rd period - Snap shot by Gustav Nyquist.
6:36 of 3rd period - Shot Misses the Net.
6:38 of 3rd period - Slapshot by Alex Pietrangelo.
6:38 of 3rd period - Shot Misses the Net.
6:40 of 3rd period - Snap shot by Jay Bouwmeester.
6:40 of 3rd period - Shot Misses the Net.
6:42 of 3rd period - Snap shot by Alex Pietrangelo.
6:42 of 3rd period - Stopped by Cory Schneider without a rebound.
6:43 of 3rd period - Vernon Fiddler wins face-off versus Mikko Koivu in MapleLeafs zone.
6:52 of 3rd period - Wrist shot by Gustav Nyquist.
6:52 of 3rd period - Shot Misses the Net.
6:54 of 3rd period - Wrist shot by Vernon Fiddler.
6:54 of 3rd period - Stopped by Cory Schneider with a rebound.
6:56 of 3rd period - Slapshot by Jay Bouwmeester.
6:56 of 3rd period - Stopped by Cory Schneider with a rebound.
6:58 of 3rd period - Slapshot by Alex Pietrangelo.
6:58 of 3rd period - Shot Misses the Net.
7:00 of 3rd period - Slapshot by Alex Pietrangelo.
7:00 of 3rd period - Shot Misses the Net.
7:12 of 3rd period - Snap shot by Gustav Nyquist.
7:12 of 3rd period - Shot Misses the Net.
7:14 of 3rd period - Wrist shot by Vernon Fiddler.
7:14 of 3rd period - Shot Misses the Net.
7:16 of 3rd period - Slapshot by Alex Pietrangelo.
7:16 of 3rd period - Stopped by Cory Schneider with a rebound.
7:37 of 3rd period - Alex Pietrangelo is hit by Brandon Prust and loses puck.
7:51 of 3rd period - Shawn Matthias is hit by Ryan Kesler and loses puck.
8:17 of 3rd period - Dan Girardi is hit by Jay Bouwmeester and loses puck.
8:42 of 3rd period - Vernon Fiddler is hit by Bobby Ryan.
9:02 of 3rd period - Alec Martinez is hit by Dainius Zubrus and loses puck.
9:15 of 3rd period - Snap shot by Dominic Moore.
9:15 of 3rd period - Deflect By Justin Williams.
9:15 of 3rd period - Stopped by Ondrej Pavelec with a rebound.
9:17 of 3rd period - Slapshot by Marc-Edouard Vlasic.
9:17 of 3rd period - Shot Misses the Net.
9:19 of 3rd period - Slapshot by Karl Alzner.
9:19 of 3rd period - Shot Misses the Net.
9:21 of 3rd period - Slapshot by Dominic Moore.
9:21 of 3rd period - Stopped by Ondrej Pavelec with a rebound.
9:23 of 3rd period - Backhand shot by Karl Alzner.
9:23 of 3rd period - Deflect By Sidney Crosby.
9:23 of 3rd period - Stopped by Ondrej Pavelec without a rebound.
9:24 of 3rd period - Mikko Koivu wins face-off versus Boyd Gordon in Sabres zone.
9:57 of 3rd period - Rasmus Ristolainen is hit by Mikko Koivu.
10:11 of 3rd period - Rasmus Ristolainen is hit by Shawn Matthias and loses puck.
10:16 of 3rd period - Slapshot by Morgan Rielly.
10:16 of 3rd period - Stopped by Ondrej Pavelec with a rebound.
10:37 of 3rd period - Ryan Kesler is hit by Morgan Rielly and loses puck.
11:07 of 3rd period - David Perron is hit by Justin Williams and loses puck.
11:36 of 3rd period - Minor Penalty to Matt Bartkowski for Tripping.
11:37 of 3rd period - Ryan Kesler wins face-off versus Mikko Koivu in Sabres zone.
13:26 of 3rd period - Wrist shot by James van Riemsdyk.
13:26 of 3rd period - Shot Blocked by Jay Bouwmeester.
13:36 of 3rd period - Penalty to Matt Bartkowski is over, Matt Bartkowski is back on ice.
13:48 of 3rd period - Icing by Morgan Rielly.
13:49 of 3rd period - Mikko Koivu wins face-off versus Vernon Fiddler in MapleLeafs zone.
13:49 of 3rd period - Mikko Koivu is hit by Gustav Nyquist.
14:03 of 3rd period - Backhand shot by Alec Martinez.
14:03 of 3rd period - Stopped by Cory Schneider with a rebound.
14:08 of 3rd period - Off-side.
14:09 of 3rd period - Dainius Zubrus wins face-off versus Vernon Fiddler in neutral zone.
14:18 of 3rd period - Wrist shot by Vernon Fiddler.
14:18 of 3rd period - Shot Blocked by Morgan Rielly.
14:26 of 3rd period - Slapshot by Morgan Rielly.
14:26 of 3rd period - Stopped by Ondrej Pavelec with a rebound.
14:28 of 3rd period - Wrist shot by Dominic Moore.
14:28 of 3rd period - Stopped by Ondrej Pavelec without a rebound.
14:29 of 3rd period - Dainius Zubrus wins face-off versus Matt Stajan in Sabres zone.
15:21 of 3rd period - Brandon Sutter is hit by Sidney Crosby and loses puck.
15:32 of 3rd period - Brooks Orpik is hit by Karl Alzner.
15:44 of 3rd period - Marc-Edouard Vlasic is hit by David Perron and loses puck.
15:56 of 3rd period - Off-side.
15:57 of 3rd period - Vernon Fiddler wins face-off versus Mikko Koivu in neutral zone.
16:02 of 3rd period - Wrist shot by Gustav Nyquist.
16:02 of 3rd period - Deflect By Dwight King.
16:02 of 3rd period - Shot Blocked by Drew Doughty.
16:02 of 3rd period - Puck is out of play.
16:03 of 3rd period - Mikko Koivu wins face-off versus Dwight King in MapleLeafs zone.
16:36 of 3rd period - Dwight King is hit by James van Riemsdyk.
16:52 of 3rd period - Wrist shot by Drew Doughty.
16:52 of 3rd period - Stopped by Ondrej Pavelec with a rebound.
16:54 of 3rd period - Slapshot by Dan Girardi.
16:54 of 3rd period - Deflect By Jeff Skinner.
16:54 of 3rd period - Stopped by Ondrej Pavelec without a rebound.
16:55 of 3rd period - Ryan Kesler wins face-off versus Shawn Matthias in Sabres zone.
17:42 of 3rd period - Icing by Marc-Edouard Vlasic.
17:43 of 3rd period - Shawn Matthias wins face-off versus Sidney Crosby in MapleLeafs zone.
18:04 of 3rd period - Wrist shot by Mikko Koivu.
18:04 of 3rd period - Stopped by Ondrej Pavelec without a rebound.
18:05 of 3rd period - Vernon Fiddler wins face-off versus Mikko Koivu in Sabres zone.
18:57 of 3rd period - Patrick Sharp is hit by Ryan Kesler and loses puck.
19:04 of 3rd period - Alec Martinez is hit by Erik Gudbranson.
19:13 of 3rd period - Brandon Sutter is hit by Steven Stamkos and loses puck.
19:42 of 3rd period - Snap shot by Ryan Kesler.
19:42 of 3rd period - Shot Misses the Net.
19:53 of 3rd period - Wrist shot by Ryan Kesler.
19:53 of 3rd period - Shot Misses the Net.
19:55 of 3rd period - Slapshot by Alex Pietrangelo.
19:55 of 3rd period - Stopped by Cory Schneider without a rebound.
19:56 of 3rd period - Claude Julien call a timeout for MapleLeafs.
19:56 of 3rd period - Ryan Kesler wins face-off versus Mikko Koivu in MapleLeafs zone.
Goals for this period are 0 for MapleLeafs vs 1 for Sabres.
Shots for this period are 16 for MapleLeafs vs 7 for Sabres.